 Dungeon Crawl Stone Soup version 0.32-a0-876-gcfddb08e57 (webtiles) character file.

Game seed: 149114084388058618

263 oldriver the Trooper (level 6, -2/62 (71) HPs)
             Began as an Oni Shapeshifter on Apr 1, 2024.
             Slain by a gnoll
             ... wielding a +0 club
             ... led by a gnoll bouda
              (4 damage)
             ... on level 4 of the Dungeon.
             The game lasted 00:03:49 (2963 turns).

oldriver the Trooper (Oni Shapeshifter)             Turns: 2963, Time: 00:03:51

HP:   -2/62 (71)    AC:  6    Str: 21    XL:     6   Next: 19%
MP:   6/6           EV:  8    Int: 14    God:
Gold: 133           SH:  0    Dex:  8    Spells: 5/5 levels left

rFire   + . .        q - +7 whip of Valour {protect, Int+3}
rCold   . . .        (no shield)
rNeg    . . .        a - +1 animal skin
rPois   .            (helmet restricted)
rElec   .            p - +1 cloak "Ozagag" {Fly rF+ Stlth+}
rCorr   .            (gloves unavailable)
SInv    .            (boots unavailable)
Will    .....        (no amulet)
Stlth   ++           (no ring)
HPRegen 0.30/turn    (no ring)
MPRegen 0.10/turn

%: no passive effects
@: weakened, flying, heavily drained
A: large, unfitting armour, horns 1, tough skin 1, double potion healing,
drunken brawling
a: no special abilities


You were on level 4 of the Dungeon.
You visited 1 branch of the dungeon, and saw 4 of its levels.

You collected 133 gold pieces.

Inventory:

Hand Weapons
 g - the +7 mace of Darkness {heavy, Str+5}
   (You found it on level 4 of the Dungeon)

   Str+5:     It affects your strength (+5).
 q - the +7 whip of Valour (weapon) {protect, Int+3}
   (You found it on level 3 of the Dungeon)

   Int+3:     It affects your intelligence (+3).
Missiles
 h - 48 stones (quivered)
 l - 18 poisoned darts
Armour
 a - a +1 animal skin (worn)
 p - the +1 cloak "Ozagag" (worn) {Fly rF+ Stlth+}
   (You found it on level 2 of the Dungeon)

   rF+:       It protects you from fire.
   Fly:       It grants you flight.
   Stlth+:    It makes you more stealthy.
Scrolls
 e - a scroll of acquirement {unknown}
 f - 2 scrolls of identify
 k - 5 scrolls of amnesia
 m - a scroll of teleportation {unknown}
 n - a scroll of revelation {unknown}
Potions
 b - a potion of curing {unknown}
 c - a potion of magic {unknown}
 i - a potion of attraction {unknown}
 o - a potion of heal wounds {unknown}
 r - a potion of haste {unknown}


   Skills:
 + Level 7.1 Fighting
 * Level 0.7 Maces & Flails
 - Level 2.0 Throwing
 - Level 2.0 Dodging
 - Level 2.6 Unarmed Combat
 - Level 3.0 Shapeshifting


You had 5 spell levels left.
You didn't know any spells.
Your spell library contained the following spells:

 Spells                   Type           Power      Damage    Failure   Level
 Apportation              Tloc           0%         N/A       28%         1
 Necrotise                Necr           0%         1d4       28%         1
 Sandblast                Erth           0%         2d4       28%         1
 Sting                    Conj/Alch      0%         1d3       28%         1
 Summon Small Mammal      Summ           0%         N/A       28%         1
 Mercury Vapours          Alch/Air       0%         N/A       41%         2
 Fugue of the Fallen      Necr           0%         N/A       65%         3
 Ozocubu's Armour         Ice            0%         N/A       65%         3
 Stone Arrow              Conj/Erth      0%         3d7       65%         3
 Brom's Barrelling Bould  Conj/Erth      0%         2d3       96%         4
 Olgreb's Toxic Radiance  Alch           0%         N/A       96%         4
 Manifold Assault         Tloc           0%         N/A       100%        7


Dungeon Overview and Level Annotations

Branches:
Dungeon (4/15)
 Temple: D:4-7

Altars:
Beogh

Shops:
D:4 =

Annotations:
D:1 2 runed translucent doors


Innate Abilities, Weirdness & Mutations

You are too large for most types of armour.
You have a pair of small horns on your head.
You have tough skin. (AC +1)
You gain doubled healing and magic from potions.
Whenever you drink a healing potion, you attack all around you.


Message History

The gnoll attacks as it pursues you! The gnoll barely misses you.
The gnoll closely misses you.
You barely miss the gnoll. You headbutt the gnoll.
The gnoll is almost dead.
The gnoll hits you from afar with a +0 halberd.
The gnoll barely misses you.
The gnoll bouda gazes fiercely through you!
You feel your attacks grow feeble. The gnoll hits you with a +0 flail.
The gnoll hits you with a +0 club. The gnoll hits you with a +0 flail.
As you read the scroll labelled RUACIU WIQEIC, it crumbles to dust.
It is a scroll of identify.
k - 5 scrolls of amnesia The gnoll hits you from afar with a +0 halberd.
The gnoll hits you with a +1 flail of draining.
You feel drained.
The gnoll bouda hits you with a +0 whip!
The gnoll hits you with a +0 flail! The gnoll barely misses you.
The gnoll hits you but does no damage.
As you read the scroll labelled GUM QUDEAB, it crumbles to dust.
It is a scroll of enchant armour.
Your +0 animal skin glows green for a moment.
The gnoll hits you from afar with a +0 halberd.
The gnoll hits you with a +1 flail of draining.
* * * LOW HITPOINT WARNING * * *
You feel drained.
The gnoll bouda hits you but does no damage.
The gnoll barely misses you. The gnoll hits you with a +0 flail!
* * * LOW HITPOINT WARNING * * *
The gnoll hits you with a +0 club.
* * * LOW HITPOINT WARNING * * *
Unknown command.
As you read the scroll labelled LISUONU BEVIQ, it crumbles to dust.
You hear a loud clanging noise!
It was a scroll of noise.
You hear a shout! x4
The gnoll hits you but does no damage. x2; You feel drained.
The gnoll bouda closely misses you. The gnoll closely misses you.
The gnoll hits you with a +0 club.
You die...

#... #..........#
.... #..........#
.... ..........+
....## ...$.....#
...... ####........#
>..... ....$......##
..... #.g[g.....##
#..... #..ggg.....#
...... #..g@....#.
...... #♣♣♣g.♣♣♣♣
...... ~♣~♣~P~P~♣♣
......
~~P~~PP~~~P♣♣♣♣♣~
......
~~~P~~≈≈≈≈~~~~~~♣
#####♣
♣P~≈~~≈≈≈≈~≈~~~PP
~~~≈≈≈≈≈≈≈≈≈≈~~~~~
##
~♣~~≈≈≈≈≈≈≈≈≈≈~~~~~
.#
~~~~~≈≈≈≈≈≈≈≈≈≈≈~~~~


You could see a gnoll bouda, 5 gnolls and a goblin.

Vanquished Creatures
  A howler monkey (D:3)
  Natasha (thrice) (D:3)
  An orc wizard (D:4)
  5 adders
  2 dart slugs
  3 orcs (D:4)
  7 ball pythons
  5 endoplasms
  4 giant cockroaches
  8 goblins
  7 hobgoblins
  3 jackals (D:1)
  4 quokkas
  8 bats
  A frilled lizard (D:1)
  10 kobolds
  5 rats
77 creatures vanquished.

Notes
Turn   | Place    | Note
-------+----------+-------------------------------------------
     0 | D:1      | oldriver the Oni Shapeshifter began the quest for the Orb.
     0 | D:1      | Reached XP level 1. HP: 19/19 MP: 1/1
    33 | D:1      | Reached skill level 2 in Fighting
    79 | D:1      | Found a large runed translucent door.
    79 | D:1      | Found a large runed translucent door.
    80 | D:1      | Noticed an orc warrior
    81 | D:1      | Noticed an orc priest
    84 | D:1      | Reached XP level 2. HP: 27/29 MP: 2/2
    87 | D:1      | Found a roughly hewn altar of Beogh.
   119 | D:1      | Reached skill level 3 in Fighting
   274 | D:1      | Reached XP level 3. HP: 39/39 MP: 3/3
   430 | D:1      | Reached skill level 4 in Fighting
  1334 | D:2      | Identified the +1 cloak "Ozagag" {Fly rF+ Stlth+}
  1351 | D:2      | Reached XP level 4. HP: 49/49 MP: 4/4
  1600 | D:3      | Reached skill level 5 in Fighting
  1600 | D:3      | Reached skill level 1 in Throwing
  1835 | D:3      | Noticed Natasha
  1863 | D:3      | Reached XP level 5. HP: 8/57 MP: 5/5
  1877 | D:3      | HP: 2/88 [cerulean imp/+2 spear[Natasha] (5)]
  1880 | D:3      | Killed Natasha
  1881 | D:3      | Reached skill level 6 in Fighting
  2428 | D:3      | Noticed Natasha
  2446 | D:3      | Killed Natasha
  2507 | D:3      | Noticed Natasha
  2517 | D:3      | Killed Natasha
  2540 | D:3      | Found a faded altar of an unknown god.
  2548 | D:3      | Identified the +7 whip of Valour {protect, Int+3}
  2615 | D:3      | Reached XP level 6. HP: 61/68 MP: 6/6
  2822 | D:4      | Found Reran's Jewellery Boutique.
  2828 | D:4      | Identified the +7 mace of Darkness {heavy, Str+5}
  2911 | D:4      | Reached skill level 7 in Fighting
  2962 | D:4      | HP: 1/64 [gnoll/+0 club[a gnoll bouda] (5)]
  2963 | D:4      | Slain by a gnoll

Illustrated notes

Levels and vault maps discovered:
D:1:      erik_arrival_cave_to_civilisation [erik_arrival_cave_to_temple],
          layout_basic
D:2:      minmay_inner_zag, layout_basic, serial_aquarium,
          aquarium_bridge_straight [aquarium_subvault_bridge,
          aquarium_subvault_balcony, aquarium_subvault_bridge,
          aquarium_subvault_window], aquarium_bridge_square
          [aquarium_subvault_wall, aquarium_subvault_bridge,
          aquarium_subvault_balcony, aquarium_subvault_bridge],
          aquarium_window_corridor_3, aquarium_window_1, aquarium_view_2d,
          aquarium_view_2b, aquarium_balcony_3a
D:3:      layout_loops_cross, ebering_ecumenical_altar_box, minmay_liquid_box,
          chequers_serial_rivers_room_b, uniq_natasha
D:4:      layout_basic, mainiacjoe_overflow_alcove_2, nemelex_altar_shiori,
          mainiacjoe_overflow_swirl, serial_bayou, serial_bayou_shore_b,
          serial_bayou_lake_a, serial_bayou_crossing, serial_bayou_lagoon_b,
          serial_shops, shop

Skill      XL: |  1  2  3  4  5  6 |
---------------+-------------------+-----
Fighting       | 2 3 4 5 6 7 |  7.1
Throwing       | 2 |  2.0
Dodging        | 2 |  2.0
Maces & Flails | |  0.7
Unarmed Combat | |  2.6
Shapeshifting  | |  3.0

Action                     |  1- 3 |  4- 6 || total
---------------------------+-------+-------++-------
  Melee: Unarmed           |    22 |       ||    22
         Headbutt          |    11 |    18 ||    29
         Short sword       |    80 |    93 ||   173
         Whip              |       |    26 ||    26
Ability: Begin Untransform |       |     1 ||     1
    Use: Potion            |       |     1 ||     1
         Scroll            |       |     3 ||     3
   Stab: Sleeping          |       |     1 ||     1
         Distracted        |       |     1 ||     1
 Armour: Animal skin       |    54 |   103 ||   157
         Skin              |       |    48 ||    48
  Dodge: Dodged            |    48 |    74 ||   122

Table legend: (Time is in decaauts)
 A = Elapsed time spent in this place.
 B = Non-inter-level travel time spent in this place.
 C = Inter-level travel time spent in this place.
 D = Time resting spent in this place.
 E = Time spent auto-exploring this place.
 F = Levels seen in this place.
 G = Mean time per level.
                   A        B        C        D        E       F      G
               +--------+--------+--------+--------+--------+-----+--------+
         Total |   2971 |   2792 |    179 |    397 |   1867 |   4 |  742.8 |
       Dungeon |   2971 |   2792 |    179 |    397 |   1867 |   4 |  742.8 |
               +--------+--------+--------+--------+--------+-----+--------+

Top non-repeatable levels by time:
     D:3: 1242 daAuts
     D:2: 808 daAuts
     D:1: 778 daAuts
     D:4: 142 daAuts
